 Dungeon Crawl Stone Soup version 0.31-a0-210-gccc998df9b (webtiles) character file.

Game seed: 2330971392257490157

23 AvylaarBelgium the Conjurer (level 2, 0/15 HPs)
             Began as a Deep Elf Conjurer on June 28, 2023.
             Slain by an adder (4 damage)
             ... on level 2 of the Dungeon.
             The game lasted 00:01:09 (737 turns).

AvylaarBelgium the Conjurer (Deep Elf Conjurer)      Turns: 737, Time: 00:01:10

Health: 0/15       AC:  2    Str:  4    XL:     2   Next: 72%
Magic:  4/8        EV: 12    Int: 22    God:
Gold:   62         SH:  0    Dex: 13    Spells: 7/8 levels left

rFire   . . .        (no weapon)
rCold   . . .        (no shield)
rNeg    . . .        a - +0 robe
rPois   .            (no helmet)
rElec   .            (no cloak)
rCorr   .            (no gloves)
SInv    .            (no boots)
Will    .....        (no amulet)
Stlth   ++           (no ring)
HPRegen 0.22/turn    (no ring)
MPRegen 0.11/turn

%: no passive effects
@: lethally poisoned (0 -> -4)
A: no striking features
a: no special abilities


You were on level 2 of the Dungeon.
You visited 1 branch of the dungeon, and saw 3 of its levels.

You collected 62 gold pieces.

Inventory:

Armour
 a - a +0 robe (worn)
Scrolls
 c - a scroll of amnesia {unknown}
 d - a scroll of identify {unknown}
 e - a scroll of blinking {unknown}
 f - a scroll of vulnerability {unknown}
Potions
 b - a potion of magic


   Skills:
 - Level 2.4 Dodging
 - Level 2.4 Stealth
 + Level 3.9 Spellcasting
 + Level 4.9 Conjurations


You had 7 spell levels left.
You knew the following spells:

 Your Spells              Type           Power      Damage    Failure   Level
a - Magic Dart            Conj           100%       1d8       1%          1

Your spell library contained the following spells:

 Spells                   Type           Power      Damage    Failure   Level
 Searing Ray              Conj           50%        2d6       2%          2
 Dazzling Flash           Conj/Hex       30%        N/A       12%         3
 Fulminant Prism          Conj/Hex       7%         3d7       38%         4
 Iskenderun's Mystic Bla  Conj/Tloc      15%        2d5       38%         4


Dungeon Overview and Level Annotations

Branches:
Dungeon (3/15)

Altars:


Message History

A goblin is nearby!
The magic dart hits the goblin.
You kill the goblin!
You start resting.
HP restored.
You start resting.
Magic restored.
You climb downwards.
The endoplasm freezes you.
You are frozen.
The endoplasm closely misses you.
There is a stone staircase leading up here.
The magic dart hits the endoplasm.
The endoplasm is heavily wounded.
The endoplasm freezes you.
You are frozen.
The magic dart hits the endoplasm.
The endoplasm is almost dead.
The adder misses you. The endoplasm closely misses you. The adder bites you.
You are lethally poisoned!
The adder poisons you!
You are too injured to fight recklessly!
You are too injured to fight recklessly!
Casting: Magic Dart (safe; 1% risk of failure)
Confirm with . or Enter, or press ? or * to list all spells.
Aiming: Magic Dart (safe; 1% risk of failure)
Press: ? - help, Shift-Dir - straight line, f/p - endoplasm
Aim: an endoplasm (almost dead, 100% to hit)
The magic dart hits the endoplasm!
You kill the endoplasm!
You feel sick. The adder barely misses you.
Casting: Magic Dart (safe; 1% risk of failure)
Confirm with . or Enter, or press ? or * to list all spells.
Aiming: Magic Dart (safe; 1% risk of failure)
Press: ? - help, Shift-Dir - straight line, f - adder
Aim: an adder (100% to hit)
The magic dart hits the adder.
The adder is lightly wounded.
* * * LOW HITPOINT WARNING * * *
You feel sick. The adder bites you.
You die...

#.....#....# #..#
#..##..#.....# ... #.#
#..#.....# .#.. ##.. #........#
... #.##..... ....###.# .....
........# #...#.###.##.
........# #..S..#.. .........
#..@..#........## ........#
#.....#.........# .........
..................#
........############.........##
.........##### #†.........#
.............### #........#
#######.####...# ##........#
#.## ###.# #.........# #..# #.#
#.#..>hh..#


You could see an adder.

Vanquished Creatures
  A worm (D:2)
  3 ball pythons
  2 bats
  An endoplasm (D:2)
  A hobgoblin (D:1)
  2 jackals (D:2)
  A frilled lizard (D:1)
  3 goblins
  4 kobolds
  A rat (D:2)
19 creatures vanquished.

Notes
Turn   | Place    | Note
-------+----------+-------------------------------------------
     0 | D:1      | AvylaarBelgium the Deep Elf Conjurer began the quest for
                  | the Orb.
     0 | D:1      | Reached XP level 1. HP: 10/10 MP: 6/6
   418 | D:1      | Reached XP level 2. HP: 15/15 MP: 5/8
   543 | D:1      | You fall into a shaft and drop 1 floor!
   737 | D:2      | Slain by an adder

Illustrated notes

Levels and vault maps discovered:
D:1:      lordsloth_arrival_two_stooges, layout_basic
D:2:      layout_rooms, minmay_pentomino_x4
D:3:      kennysheep_slugbush, layout_basic,
          shapermc_ecumenical_altar_starsandcircs, uniq_jessica

Action                     || total
---------------------------++-------
  Melee: Unarmed           ||     2
   Cast: Magic Dart        ||    36
 Armour: Robe              ||     3
  Dodge: Dodged            ||     8

Table legend: (Time is in decaauts)
 A = Elapsed time spent in this place.
 B = Non-inter-level travel time spent in this place.
 C = Inter-level travel time spent in this place.
 D = Time resting spent in this place.
 E = Time spent auto-exploring this place.
 F = Levels seen in this place.
 G = Mean time per level.
                   A        B        C        D        E       F      G
               +--------+--------+--------+--------+--------+-----+--------+
         Total |    737 |    737 |      0 |    143 |    491 |   3 |  245.7 |
       Dungeon |    737 |    737 |      0 |    143 |    491 |   3 |  245.7 |
               +--------+--------+--------+--------+--------+-----+--------+

Top non-repeatable levels by time:
     D:1: 610 daAuts
     D:2: 122 daAuts
     D:3: 4 daAuts
